 Dungeon Sprint DCSS version 0.19.4-8-ga85b6b9 (webtiles) character file.

8500000 protoss039 the Conqueror (level 27, -63/273 HPs)
             Began as a Ghoul Warper on Feb 13, 2017.
             Was the Champion of Makhleb.
             Annihilated by The Servant
             ... wielding a +9 glaive of flaming
              (127 damage)
             ... in the Dungeon (Sprint VIII: "Arena of Blood").
             The game lasted 00:03:34 (85 turns).

protoss039 the Conqueror (Ghoul Warper)               Turns: 85, Time: 00:03:35

Health: -63/273    AC:  6    Str: 28    XL:     27
Magic:  23/53      EV: 24    Int:  8    God:    Makhleb [******]
Gold:   0          SH:  0    Dex:  8    Spells: 0 memorised, 80 levels left

rFire  . . .     SeeInvis .     k - +∞ Axe of Woe
rCold  + . .     Gourm    .     a - +0 leather armour
rNeg   + + +     Faith    .     (shield currently unavailable)
rPois  ∞         Spirit   .     (no helmet)
rElec  .         Reflect  .     (no cloak)
rCorr  .         Harm     .     (no gloves)
MR     ++...     NoTele   +     (no boots)
Stlth  +++++++++.               (no amulet)
                                n - +250 ring of slaying
                                m - +250 ring of slaying

@: rotting
A: rotting body, claws 1, carnivore 3, cold resistance 1, negative energy
resistance 3, slow regeneration 1, torment resistance, unbreathing
a: Minor Destruction, Lesser Servant of Makhleb, Major Destruction, Greater
Servant of Makhleb, Renounce Religion


You were in the Dungeon.
You worshipped Makhleb.
Makhleb was exalted by your worship.
You were not hungry.

You visited 1 branch

Inventory:

Hand Weapons
 k - the +∞ Axe of Woe (weapon)
   (You found it in the Dungeon)
Missiles
 d - 5 tomahawks of dispersal (quivered)
Armour
 a - a +0 leather armour (worn)
Jewellery
 l - a +200 ring of slaying
 m - a +250 ring of slaying (left claw)
 n - a +250 ring of slaying (right claw)
Scrolls
 c - 2 scrolls of blinking
Potions
 e - a potion of curing
 g - a potion of heal wounds
 h - a potion of haste
 i - 2 potions of magic
 j - a potion of berserk rage
Books
 b - a book of Spatial Translocations

   Spells                             Type                      Level
   a - Blink                          Translocation                2
   b - Shroud of Golubria             Charms/Translocation         2
   c - Lesser Beckoning               Translocation                3
   d - Portal Projectile              Translocation                3
   e - Teleport Other                 Translocation                3
   f - Passage of Golubria            Translocation                4
Comestibles
 f - a meat ration


   Skills:
 O Level 27 Fighting
 O Level 27 Axes
 O Level 27 Throwing
 O Level 27 Armour
 O Level 27 Dodging
 O Level 27 Stealth
 O Level 27 Unarmed Combat
 O Level 27 Spellcasting
   Level 2.6 Translocations
 O Level 27 Invocations


You had 80 spell levels left.
You didn't know any spells.

Dungeon Overview and Level Annotations

Branches:
Dungeon (1/1)

Altars:
Makhleb

Annotations:
D The Servant


Innate Abilities, Weirdness & Mutations

Your body is rotting away.
You thrive on raw meat.
You are immune to poison.
You have sharp fingernails.
You are carnivorous and can eat meat at any time.
Your flesh is cold resistant. (rC+)
You are immune to negative energy. (rN+++)
You regenerate slowly when monsters are visible.
You are immune to unholy pain and torment.
You can survive without breathing.


Message History

* * * LOW HITPOINT WARNING * * *
The meat berserker rages.
You hear a shout! x5
The eight-headed meat hydra moves out of view.
You hear a shout! x3
An ogre and a vampire knight come into view.
The destroyer is wielding a +9 great sword of slicing.
Unknown command.
Press < or > to pray at altars.
Unknown command.
Press < or > to pray at altars.
You slice the tentacled monstrosity!!
You pulverise the tentacled monstrosity into a thin bloody mist.
You kill the tentacled monstrosity!
You are engulfed in roaring flames.
* * * LOW HITPOINT WARNING * * *
You hear a shout!
The Servant is engulfed in roaring flames.
The Servant hits you from afar with a +9 glaive of flaming!!!!
You die...

#.. ..# #.% ..#
.###.% .%###.
....%O###W.....
....._%%... .
#..%..# . ...
#_%O._# ...
.....#§§§)X#oLX..
.....MO§@){2XCXL.
.V...%@###X{LXXX.
..###.. .O###.. .
#.. .X# #.. ..#
@.. ... .... ....
.... ....


You could see an accursed, 2 tentacled monstrosities, a meat beast, 3 tyrants,
The Servant, a destroyer, a large bag of meat (inner flame), 6 large
abominations, a dread, 4 meat berserkers and a bag of meat.

Vanquished Creatures
  3 hell beasts (D)
  3 greater mummies (D)
  2 wraiths (D)
  16 vampire knights (D)
  30 ogres (D)
  36 orcs (D)
  A phantom (D)
  5 hill giants (D)
  6 skeletal warriors (D)
  3 large abominations (D)
  2 small abominations (D)
  12 crawling corpses (D)
119 creatures vanquished.

Vanquished Creatures (others)
  4 crawling corpses (D)
4 creatures vanquished.

Grand Total: 123 creatures vanquished

Notes
Turn   | Place    | Note
-------+----------+-------------------------------------------
     0 | D        | protoss039 the Ghoul Warper began the quest for the Orb.
     0 | D        | Reached XP level 1. HP: 17/17 MP: 2/2
     2 | D        | Noticed a bag of meat
     2 | D        | Noticed a bag of meat
     2 | D        | Noticed a meat berserker
     3 | D        | Became a worshipper of Makhleb the Destroyer
     4 | D        | Noticed a bag of meat
     6 | D        | Noticed a bag of meat
     7 | D        | Killed a meat berserker
     7 | D        | Reached skill level 5 in Axes
     7 | D        | Reached skill level 5 in Throwing
     7 | D        | Reached skill level 5 in Armour
     7 | D        | Reached skill level 15 in Spellcasting
     7 | D        | Reached XP level 2. HP: 50/50 MP: 2/17
     7 | D        | Reached XP level 3. HP: 57/57 MP: 2/19
     7 | D        | Reached XP level 4. HP: 64/64 MP: 2/20
     7 | D        | Reached XP level 5. HP: 72/72 MP: 2/22
     7 | D        | Reached XP level 6. HP: 80/80 MP: 2/23
     7 | D        | Reached XP level 7. HP: 86/86 MP: 2/25
     7 | D        | Reached XP level 8. HP: 94/94 MP: 2/26
     7 | D        | Reached XP level 9. HP: 101/101 MP: 2/27
     7 | D        | Reached XP level 10. HP: 110/110 MP: 2/28
     7 | D        | Reached XP level 11. HP: 116/116 MP: 2/29
     7 | D        | Reached XP level 12. HP: 124/124 MP: 2/30
     7 | D        | Reached XP level 13. HP: 130/130 MP: 2/31
     8 | D        | Noticed a bag of meat
     8 | D        | Noticed a bag of meat
     8 | D        | Killed a bag of meat
     8 | D        | Reached * piety under Makhleb
     8 | D        | Reached skill level 15 in Dodging
     8 | D        | Reached XP level 14. HP: 143/143 MP: 2/33
     9 | D        | Noticed a bag of meat
     9 | D        | Noticed a meat berserker
     9 | D        | Noticed a meat berserker
     9 | D        | Killed a bag of meat
     9 | D        | Killed a bag of meat
     9 | D        | Reached XP level 15. HP: 155/155 MP: 2/36
    10 | D        | Reached ** piety under Makhleb
    10 | D        | Reached skill level 10 in Axes
    11 | D        | Reached XP level 16. HP: 169/169 MP: 3/39
    12 | D        | Killed a meat berserker
    13 | D        | Killed a meat berserker
    13 | D        | Reached *** piety under Makhleb
    13 | D        | Reached XP level 17. HP: 127/185 MP: 4/42
    14 | D        | Reached skill level 15 in Axes
    15 | D        | Reached XP level 18. HP: 198/198 MP: 5/44
    18 | D        | Noticed a meat berserker
    19 | D        | Noticed a meat berserker
    19 | D        | Reached **** piety under Makhleb
    19 | D        | Reached skill level 27 in Fighting
    19 | D        | Reached skill level 10 in Throwing
    20 | D        | Noticed a destroyer
    20 | D        | Noticed a large bag of meat
    21 | D        | Noticed a meat berserker
    21 | D        | Killed a meat berserker
    21 | D        | Reached skill level 27 in Unarmed Combat
    21 | D        | Reached skill level 5 in Invocations
    21 | D        | Killed a large bag of meat
    21 | D        | Reached XP level 19. HP: 164/207 MP: 7/47
    22 | D        | Noticed a meat berserker
    22 | D        | Noticed a meat berserker
    22 | D        | Killed a destroyer
    22 | D        | Reached skill level 10 in Armour
    22 | D        | Reached skill level 27 in Spellcasting
    22 | D        | Reached skill level 10 in Invocations
    22 | D        | Reached ***** piety under Makhleb
    23 | D        | Noticed a meat berserker
    23 | D        | Reached XP level 20. HP: 216/216 MP: 7/50
    23 | D        | Killed a meat berserker
    25 | D        | Killed a meat berserker
    25 | D        | Reached skill level 27 in Axes
    25 | D        | Reached skill level 15 in Throwing
    25 | D        | Reached skill level 27 in Dodging
    25 | D        | Reached XP level 21. HP: 224/224 MP: 8/51
    26 | D        | Killed a meat berserker
    26 | D        | Reached skill level 15 in Armour
    26 | D        | Killed a meat berserker
    26 | D        | Reached skill level 27 in Invocations
    28 | D        | Reached XP level 22. HP: 233/233 MP: 9/52
    28 | D        | Reached ****** piety under Makhleb
    28 | D        | Reached skill level 27 in Throwing
    31 | D        | Noticed a destroyer
    32 | D        | Noticed a destroyer
    33 | D        | Killed a destroyer
    33 | D        | Reached skill level 27 in Armour
    33 | D        | Reached XP level 23. HP: 240/240 MP: 10/53
    34 | D        | Killed a destroyer
    35 | D        | Reached skill level 27 in Stealth
    36 | D        | Noticed a destroyer
    36 | D        | HP: 6/240 [sculptor of flesh/+9 great sword (221)]
    37 | D        | Reached XP level 24. HP: 38/249 MP: 11/53
    39 | D        | Noticed a destroyer
    40 | D        | Reached XP level 25. HP: 257/257 MP: 12/53
    42 | D        | Killed a destroyer
    44 | D        | Noticed a tyrant
    45 | D        | Noticed a destroyer
    46 | D        | Reached XP level 26. HP: 266/266 MP: 13/53
    47 | D        | Noticed a destroyer
    48 | D        | Noticed a destroyer
    48 | D        | Noticed an accursed
    48 | D        | Noticed an accursed
    48 | D        | Killed a destroyer
    49 | D        | Killed a destroyer
    49 | D        | Reached XP level 27. HP: 273/273 MP: 14/53
    50 | D        | Killed a destroyer
    52 | D        | Noticed a destroyer
    54 | D        | Noticed The Servant
    54 | D        | Noticed a destroyer
    55 | D        | Killed a destroyer
    57 | D        | Noticed a destroyer
    57 | D        | Killed a destroyer
    57 | D        | Killed a destroyer
    59 | D        | Noticed a destroyer
    59 | D        | Noticed an accursed
    62 | D        | Killed a destroyer
    63 | D        | Noticed a meat beast
    63 | D        | Noticed a destroyer
    64 | D        | Noticed an accursed
    64 | D        | Killed a destroyer
    65 | D        | Noticed a dread
    66 | D        | Noticed a destroyer
    66 | D        | Killed a destroyer
    67 | D        | Killed an accursed
    67 | D        | Killed a meat beast
    69 | D        | Noticed a destroyer
    69 | D        | Killed an accursed
    71 | D        | Noticed a destroyer
    71 | D        | Killed a dread
    73 | D        | Noticed a tyrant
    74 | D        | Killed an accursed
    77 | D        | Noticed a tyrant
    78 | D        | Noticed a meat beast
    78 | D        | Noticed a dread
    78 | D        | Noticed a meat beast
    78 | D        | Killed a destroyer
    79 | D        | Noticed a dread
    79 | D        | Killed a destroyer
    81 | D        | Noticed a meat beast
    81 | D        | Killed a meat beast
    81 | D        | Killed a dread
    81 | D        | HP: 3/273 [The Servant/+9 glaive of flaming (26)]
    82 | D        | Killed a meat beast
    83 | D        | Noticed a dread
    84 | D        | Killed a destroyer
    85 | D        | Noticed a destroyer
    85 | D        | Annihilated by The Servant

Skill      XL: |  1  2  3  4  5  6  7  8  9 10 11 12 13 14 15 16 17 18 19 20 21 22 23 |
---------------+----------------------------------------------------------------------+-----
Fighting       | 16 18 20 22 25 26 27 | 27.0
Axes           | 5 6 9 11 14 16 19 24 27 | 27.0
Throwing       | 5 6 7 8 9 10 12 16 24 27 | 27.0
Armour         | 5 6 7 8 9 10 13 19 27 | 27.0
Dodging        | 13 15 16 17 19 20 22 25 27 | 27.0
Unarmed Combat | 16 18 20 21 24 25 27 | 27.0
Spellcasting   | 15 16 18 20 22 23 25 27 | 27.0
Invocations    | 6 12 21 27 | 27.0
Stealth        | 27 | 27.0
Translocations | |  2.6

Action                   |  1- 3 |  4- 6 |  7- 9 | 10-12 | 13-15 | 16-18 | 19-21 | 22-24 | 25-27 || total
-------------------------+-------+-------+-------+-------+-------+-------+-------+-------+-------++-------
Melee: Executioner's axe |     1 |       |       |       |     4 |     6 |     6 |     8 |    35 ||    60
Invok: Major Destruction |       |       |       |       |       |     1 |       |       |       ||     1
       Greater Servant o |       |       |       |       |       |       |       |       |     1 ||     1
Armor: Leather armour    |       |       |       |       |       |       |       |       |     1 ||     1
Dodge: Dodged            |       |       |       |       |       |     1 |     1 |     1 |     4 ||     7
